 Dungeon Crawl Stone Soup version 0.29.1-15-g9cfb28693d (webtiles) character file.

Game seed: 160578273845569753

79 Eitelfritz the Chopper (level 4, 0/40 HPs)
             Began as a Hill Orc Fighter on Apr 23, 2023.
             Slain by Ijyb
             ... wielding a +0 club
              (3 damage)
             ... on level 3 of the Dungeon.
             The game lasted 00:02:16 (1978 turns).

Eitelfritz the Chopper (Hill Orc Fighter)           Turns: 1978, Time: 00:02:16

Health: 0/40       AC:  8    Str: 20    XL:     4   Next: 37%
Magic:  4/4        EV: 13    Int:  8    God:
Gold:   61         SH:  4    Dex: 10    Spells: 3/3 levels left

rFire   . . .      SeeInvis .   a - +0 war axe
rCold   . . .      Faith    .   c - +0 buckler
rNeg    . . .      Spirit   .   l - +0 scale mail
rPois   .          Reflect  .   r - +0 helmet
rElec   .          Harm     .   (no cloak)
rCorr   .          Rampage  .   (no gloves)
Will    .....                   (no boots)
Stlth   ..........              (no amulet)
HPRegen 0.13/turn               m - +4 ring of evasion
MPRegen 0.09/turn               (no ring)

@: mighty
A: no striking features
a: no special abilities


You were on level 3 of the Dungeon.
You visited 1 branch of the dungeon, and saw 3 of its levels.

You collected 61 gold pieces.

Inventory:

Hand Weapons
 a - a +0 war axe (weapon)
 b - a +0 sling
Armour
 c - a +0 buckler (worn)
 f - a +0 pair of boots
 l - a +0 scale mail (worn)
 r - a +0 helmet (worn)
Jewellery
 m - a +4 ring of evasion (left hand)
Scrolls
 e - 5 scrolls of identify {unknown}
 g - a scroll of magic mapping {unknown}
 k - a scroll of silence {unknown}
 n - a scroll of teleportation {unknown}
 p - a scroll of enchant armour {unknown}
 q - a scroll of enchant weapon {unknown}
Potions
 d - a potion of might
 h - a potion of curing {unknown}
 i - a potion of invisibility {unknown}
 j - a potion of magic {unknown}
 o - a potion of mutation {unknown}


   Skills:
 + Level 4.0 Fighting
 + Level 4.4 Axes
 + Level 3.8 Armour
 + Level 0.6 Dodging
 + Level 3.7 Shields


You had 3 spell levels left.
You didn't know any spells.
Your spell library was empty.

Dungeon Overview and Level Annotations

Branches:
Dungeon (3/15)

Altars:
Fedhas

Annotations:
D:3 Ijyb


Message History

Ijyb zaps a wand.
You barely resist.
Found 11 gold pieces.
You hit Ijyb but do no damage.
Ijyb zaps a wand.
Your mind is blasted!
Ijyb hits you with a +0 club.
You slash Ijyb!
Ijyb is moderately wounded.
Ijyb barely misses you.
You slash Ijyb!
Ijyb is heavily wounded.
Ijyb zaps a wand.
Your mind is blasted!
You hit Ijyb.
Ijyb is severely wounded.
Ijyb barely misses you.
Ijyb zaps a wand.
Your mind is blasted!
* * * LOW HITPOINT WARNING * * *
You hit Ijyb but do no damage.
Ijyb is heavily wounded.
Ijyb completely misses you.
Unknown command.
You barely miss Ijyb.
Ijyb is heavily wounded.
Ijyb hits you but does no damage.
Unknown command.
You feel very mighty all of a sudden. Ijyb hits you with a +0 club.
* * * LOW HITPOINT WARNING * * *
You barely miss Ijyb.
Ijyb is heavily wounded.
Ijyb hits you but does no damage.
Ijyb zaps a wand.
Your mind is blasted!
* * * LOW HITPOINT WARNING * * *
Unknown command.
You closely miss Ijyb.
Ijyb is heavily wounded.
Ijyb misses you.
You closely miss Ijyb.
Ijyb is heavily wounded.
Ijyb barely misses you.
You closely miss Ijyb.
Ijyb is heavily wounded.
Ijyb hits you but does no damage. Ijyb hits you with a +0 club.
You die...

#.......# #.##### #
#.#####.###.......#
#.........####.# #
#........[.....###
.###.##.##.##..........
......<....##........#
#####.#.#####........#
#....#####...g...##
#...........†@...#
#...####....$....# #...
#.#.##...## #...
.....##<..# #...
###...#.....#
.....#.###.# ..... ..
... .... ##. $### #.


You could see Ijyb.

Vanquished Creatures
  2 adders (D:2)
  A worm (D:2)
  A dart slug (D:3)
  10 endoplasms
  3 giant cockroaches (D:1)
  4 goblins
  7 hobgoblins
  2 jackals (D:1)
  6 kobolds
  3 quokkas
  4 ball pythons
  A bat (D:2)
  2 frilled lizards (D:1)
  3 rats
49 creatures vanquished.

Notes
Turn   | Place    | Note
-------+----------+-------------------------------------------
     0 | D:1      | Eitelfritz the Hill Orc Fighter began the quest for the
                  | Orb.
     0 | D:1      | Reached XP level 1. HP: 19/19 MP: 1/1
   180 | D:1      | Reached XP level 2. HP: 20/27 MP: 2/2
   346 | D:1      | Found a faded altar of an unknown god.
   544 | D:1      | Reached XP level 3. HP: 33/33 MP: 3/3
  1167 | D:2      | Found a blossoming altar of Fedhas.
  1384 | D:2      | Reached XP level 4. HP: 38/40 MP: 4/4
  1845 | D:3      | Noticed Ijyb
  1978 | D:3      | Slain by Ijyb

Illustrated notes

Levels and vault maps discovered:
D:1:      giann_wishing_wells, layout_loops_cross, ebering_ecumenical_altar_webs
D:2:      layout_loops_ring, basic_altar, minmay_tree_intersection, nrook_uturn
D:3:      layout_loops_cross, nicolae_dithmenos_the_darkroom, solitary_fountain,
          uniq_ijyb

Skill      XL: |  1  2  3 |
---------------+----------+-----
Axes           | 3 4 |  4.4
Fighting       | 4 |  4.0
Armour         | |  3.8
Dodging        | |  0.6
Shields        | |  3.7

Action                   |  1- 3 |  4- 6 || total
-------------------------+-------+-------++-------
Melee: War axe           |   103 |    26 ||   129
  Use: Potion            |       |     1 ||     1
Armor: Scale mail        |    51 |     9 ||    60
Dodge: Dodged            |    54 |    19 ||    73
Block: Buckler           |    27 |     8 ||    35
